 Dungeon Crawl Stone Soup version 0.23.2-33-g5129a83184 (webtiles) character file.

Game seed: 14188804915005945490

153 MalarOregon the Magician (level 5, -5/38 HPs)
             Began as a Ghoul Wizard on July 15, 2019.
             Slain by an orc
             ... wielding a +0 morningstar
              (12 damage)
             ... on level 3 of the Dungeon.
             The game lasted 00:06:08 (3684 turns).

MalarOregon the Magician (Ghoul Wizard)             Turns: 3684, Time: 00:06:09

Health: -5/38      AC:  2    Str: 11    XL:     5   Next: 35%
Magic:  9/9        EV: 12    Int: 14    God:
Gold:   183        SH:  0    Dex:  7    Spells: 6/11 levels left

rFire    . . .     SeeInvis .   a - +1 dagger (elec)
rCold    + . .     Gourm    .   (no shield)
rNeg     + + +     Faith    .   k - +0 robe (curse)
rPois    ∞         Spirit   .   b - +0 hat
rElec    .         Reflect  .   (no cloak)
rCorr    .         Harm     .   (no gloves)
MR       .....                  (no boots)
Stlth    ++........             (no amulet)
HPRegen  0.00/turn              (no ring)
MPRegen  0.11/turn              (no ring)

@: rotting
A: rotting body, claws 1, carnivore, cold resistance 1, negative energy
resistance 3, inhibited regeneration, torment resistance, unbreathing
a: no special abilities


You were on level 3 of the Dungeon.
You were not hungry.

You visited 1 branch of the dungeon, and saw 3 of its levels.

You collected 183 gold pieces.

Inventory:

Hand Weapons
 a - a +1 dagger of electrocution (weapon)
   (You found it on level 1 of the Dungeon)
Armour
 b - a +0 hat (worn)
 k - a cursed +0 robe (worn)
   (You found it on level 1 of the Dungeon)
Magical Staves
 u - an uncursed staff of poison
   (You found it on level 3 of the Dungeon)
Jewellery
 m - a +5 ring of strength {unknown}
   (You found it on level 3 of the Dungeon)
 r - an uncursed ring of see invisible {unknown}
   (You found it on level 2 of the Dungeon)
Wands
 n - a wand of polymorph (10)
   (You found it on level 2 of the Dungeon)
Scrolls
 c - 2 scrolls of teleportation {unknown}
 h - a scroll of blinking {unknown}
 j - 3 scrolls of identify {unknown}
 p - a scroll of fear {unknown}
 q - 3 scrolls of enchant armour {unknown}
 s - 2 scrolls of remove curse {unknown}
 t - a scroll of fog {unknown}
Potions
 d - 3 potions of curing {unknown}
 g - a potion of lignification {unknown}
 i - a potion of might {unknown}
 l - a potion of magic {unknown}
 o - 2 potions of brilliance {unknown}
Comestibles
 e - 6 rations {!d}
 f - 3 chunks of flesh


   Skills:
 - Level 1.7 Dodging
 - Level 2.1 Stealth
 + Level 3.8 Spellcasting
 + Level 2.8 Conjurations
 + Level 1.2 Summonings
 + Level 1.2 Translocations


You had 6 spell levels left.
You knew the following spells:

 Your Spells              Type           Power        Failure   Level  Hunger
a - Magic Dart            Conj           ##..         6%          1    None
b - Blink                 Tloc           N/A          19%         2    ##.....
x - Call Imp              Summ           #.......     19%         2    ##.....

Your spell library contained the following spells:

 Spells                   Type           Power        Failure   Level  Hunger
 Slow                     Hex            #.......     30%         2    ##.....
 Conjure Flame            Conj/Fire      #.......     32%         3    ###....
 Mephitic Cloud           Conj/Pois/Air  #.......     38%         3    ###....


Dungeon Overview and Level Annotations

Branches:
Dungeon (3/15)

Altars:


Innate Abilities, Weirdness & Mutations

Your body is rotting away.
You thrive on raw meat.
You are immune to poison.
You have sharp fingernails.
You are carnivorous and can eat meat at any time.
Your flesh is cold resistant. (rC+)
You are immune to negative energy. (rN+++)
You do not regenerate when monsters are visible.
You are immune to unholy pain and torment.
You can survive without breathing.


Message History

You see here a mace.
Key pressed, stopping explore.
No target in view!
Key pressed, stopping explore.
No target in view!
No target in view!
An orc comes into view.
An orc and an orc priest come into view.
There are monsters nearby!
There are monsters nearby!
The orc priest shouts!
An orc comes into view. It is wielding a +0 whip.
The orc priest begins to cast a cantrip, but forgets the words!
There are monsters nearby!
The orc shouts!
You hit the orc but do no damage.
An orc comes into view. It is wielding a +0 morningstar.
You barely miss the orc. The orc hits you.
You completely miss the orc. The orc closely misses you.
You hit the orc priest. The orc hits you. The orc priest barely misses you.
You closely miss the orc priest. The orc hits you.
You barely miss the orc priest. The orc hits you.
The orc priest begins to cast a cantrip, but forgets the words!
You barely miss the orc priest.
The orc priest hits you but does no damage.
The orc misses you. The orc hits you but does no damage.
You completely miss the orc priest. The orc priest barely misses you.
The orc closely misses you. The orc hits you with a +0 whip.
You closely miss the orc priest. The orc priest barely misses you.
The orc hits you but does no damage. The orc closely misses you.
The orc barely misses you.
You hit the orc priest. The orc barely misses you. The orc priest misses you.
The orc misses you. The orc barely misses you.
The orc hits you but does no damage.
You hit the orc priest. The orc closely misses you.
The orc priest barely misses you. The orc hits you but does no damage.
The orc barely misses you.
You barely miss the orc priest. The orc hits you with a +0 morningstar!
* * * LOW HITPOINT WARNING * * *
The orc completely misses you. The orc misses you. The orc closely misses you.
You completely miss the orc priest.
The orc priest hits you but does no damage.
The orc closely misses you. The orc barely misses you. x2
The orc hits you with a +0 whip.
* * * LOW HITPOINT WARNING * * *
You barely miss the orc priest. The orc priest barely misses you.
The orc barely misses you. x2; The orc hits you.
* * * LOW HITPOINT WARNING * * *
The orc hits you with a +0 morningstar!
You die...

.......#
#.......###.#>########.
<####..# ####...###
###.# ## .## #..#
#......# #+# # ..# #..#
#(##..## .. # ..###..#
#.##.## ... #
.......###.##.#### ....
##
..####...........##.....
####.
....)...........oo......
+....
....######.#....@o......
####. #.#.#
#......oo.#.... ## #.#.#
###.......# . # #...#
###...### # ##..# #...#
######### ....# ##.##
........# ##.## #.#
#.#######÷# #.# #.#
##.## #.# #.# .#
##...######.#


You could see an orc priest and 4 orcs.

Vanquished Creatures
  6 adders (D:2)
  8 dart slugs
  4 leopard geckos
  An orc (D:3)
  3 ball pythons
  10 bats
  6 giant cockroaches
  11 goblins
  5 hobgoblins
  3 jackals (D:3)
  A quokka (D:2)
  2 frilled lizards (D:3)
  6 kobolds
  13 rats
79 creatures vanquished.

Notes
Turn   | Place    | Note
-------+----------+-------------------------------------------
     0 | D:1      | MalarOregon the Ghoul Wizard began the quest for the Orb.
     0 | D:1      | Reached XP level 1. HP: 14/14 MP: 3/3
    76 | D:1      | Reached skill level 1 in Conjurations
   281 | D:1      | Reached XP level 2. HP: 19/20 MP: 0/4
   331 | D:1      | Reached skill level 3 in Spellcasting
   793 | D:1      | Learned a level 2 spell: Blink
   796 | D:1      | Learned a level 2 spell: Call Imp
   989 | D:1      | Reached XP level 3. HP: 16/26 MP: 6/6
  1795 | D:2      | Reached XP level 4. HP: 33/33 MP: 8/8
  2174 | D:2      | Reached XP level 5. HP: 16/38 MP: 9/9
  2177 | D:2      | Reached skill level 1 in Summonings
  2178 | D:2      | Reached skill level 1 in Translocations
  3684 | D:3      | Slain by an orc

Skill      XL: |  1  2  3  4  5 |
---------------+----------------+-----
Conjurations   | 1 2 |  2.8
Spellcasting   | 3 |  3.8
Summonings     | 1 |  1.2
Translocations | 1 |  1.2
Dodging        | |  1.7
Stealth        | |  2.1

Action                   |  1- 3 |  4- 6 || total
-------------------------+-------+-------++-------
Melee: Whip              |    74 |       ||    74
       Unarmed           |     1 |       ||     1
       Dagger            |    44 |   191 ||   235
 Cast: Magic Dart        |    40 |       ||    40
 Stab: Sleeping          |     3 |     7 ||    10
  Eat: Chunk             |     7 |     6 ||    13
Armor: Robe              |    42 |    43 ||    85
Dodge: Dodged            |   126 |   153 ||   279
